 Dungeon Crawl Stone Soup version 0.21-a0-401-g0b6bec4 (webtiles) character file.

88 kae the Digger (level 4, -1/24 HPs)
             Began as a Gargoyle Earth Elementalist on Oct 23, 2017.
             Slain by an adder (3 damage)
             ... on level 3 of the Dungeon.
             The game lasted 00:03:07 (2251 turns).

kae the Digger (Gargoyle Earth Elementalist)        Turns: 2251, Time: 00:03:08

Health: -1/24      AC:  7    Str: 12    XL:     4   Next: 53%
Magic:  5/8        EV: 12    Int: 16    God:
Gold:   105        SH:  0    Dex: 10    Spells: 7/8 levels left

rFire    . . .     SeeInvis .   h - +0 club
rCold    . . .     Gourm    .   (no shield)
rNeg     + . .     Faith    .   c - +0 robe
rPois    ∞         Spirit   .   (no helmet)
rElec    +         Reflect  .   p - +0 cloak
rCorr    .         Harm     .   (no gloves)
MR       .....                  g - +0 pair of boots
Stlth    ++........             (no amulet)
HPRegen  0.08/turn              (no ring)
MPRegen  0.11/turn              (no ring)

@: no status effects
A: negative energy resistance 1, electricity resistance, unbreathing,
petrification resistance, rot immunity, AC +3
a: no special abilities


You were on level 3 of the Dungeon.
You were not hungry.

You visited 1 branch of the dungeon, and saw 3 of its levels.

You collected 105 gold pieces.

Inventory:

Hand Weapons
 h - a +0 club (weapon)
Missiles
 b - 25 stones (quivered)
Armour
 c - a +0 robe (worn)
 g - a +0 pair of boots (worn)
 p - a +0 cloak (worn)
Scrolls
 i - a scroll of teleportation
 m - a scroll of random uselessness {unknown}
 n - a scroll of identify
Potions
 f - a potion of magic
 k - a potion of cancellation
 l - a potion of agility {unknown}
Books
 e - a book of Geomancy

   Spells                             Type                      Level
   a - Sandblast                      Earth                        1
   b - Passwall                       Transmutation/Earth          2
   c - Stone Arrow                    Conjuration/Earth            3
   d - Petrify                        Transmutation/Earth          4
   e - Lee's Rapid Deconstruction     Earth                        5
Comestibles
 a - a chunk of flesh
 d - 2 bread rations
 j - a royal jelly
 o - a meat ration


   Skills:
 + Level 2.3 Dodging
 + Level 3.3 Stealth
 + Level 2.6 Spellcasting
   Level 0.7 Transmutations
 + Level 4.3 Earth Magic


You had 7 spell levels left.
You knew the following spells:

 Your Spells              Type           Power        Failure   Level  Hunger
a - Sandblast             Erth           ###...       3%          1    #......


Dungeon Overview and Level Annotations

Branches:
Dungeon (3/15)

Altars:

Annotations:
D:2 Sigmund


Innate Abilities, Weirdness & Mutations

You are resistant to torment.
Your stone body is resilient. (AC +3)
You are immune to poison.
You resist negative energy. (rN+)
You are resistant to electric shocks. (rElec)
You can survive without breathing.
You are immune to petrification.
You are immune to rotting.


Message History

Casting: Sandblast
Confirm with . or Enter, or press ? or * to list all spells.
Aiming: Sandblast
Press: ? - help, Shift-Dir - straight line, f - kobold
Aim: a kobold, wielding a short sword The blast of sand hits the kobold.
The kobold is severely wounded.
b - 26 stones The kobold hits you with a short sword.
* * * LOW HITPOINT WARNING * * *
Casting: Sandblast
Confirm with . or Enter, or press ? or * to list all spells.
Aiming: Sandblast
Press: ? - help, Shift-Dir - straight line, f/p - kobold
Aim: a kobold, wielding a short sword (severely wounded)
The blast of sand hits the kobold.
You kill the kobold!
b - 25 stones The adder bites you.
You die...

##.......##
#.........#
+.........+
#.........#
#...<...#
##.....##
##...##
##S#######
#..@%....#
#......#.#
#..###.#
#... ..
.... .#
.(... #
..#..##
...#..


You could see an adder.

Vanquished Creatures
  Terence (D:2)
  2 adders (D:2)
  A worm (D:2)
  A dart slug (D:1)
  2 leopard geckos (D:1)
  A giant cockroach (D:2)
  8 hobgoblins
  6 kobolds
  A quokka (D:2)
  2 ball pythons (D:1)
  4 bats
  3 frilled lizards
  3 goblins (D:1)
  5 rats
40 creatures vanquished.

Notes
Turn   | Place    | Note
-------+----------+-------------------------------------------
     0 | D:1      | kae the Gargoyle Earth Elementalist began the quest for the Orb.
     0 | D:1      | Reached XP level 1. HP: 10/10 MP: 3/3
   216 | D:1      | Reached XP level 2. HP: 11/15 MP: 3/5
  1256 | D:1      | Reached skill level 4 in Earth Magic
  1369 | D:1      | Reached XP level 3. HP: 19/19 MP: 6/6
  1842 | D:2      | Reached XP level 4. HP: 10/24 MP: 3/7
  2001 | D:2      | Noticed Terence
  2027 | D:2      | Killed Terence
  2118 | D:2      | Noticed Sigmund
  2251 | D:3      | Slain by an adder

Vault maps used:
D:1:      tarquinn_simple_flora_water_f, minivault_5, minmay_liquid_box
D:2:      lemuel_round_altar, first_bread, minivault_23, uniq_terence,
          uniq_sigmund
D:3:      lemuel_doored_altar, lemuel_crystal_altar,
          minmay_overflow_temple_star_quad, xom_redecorated

Skill      XL: |  1  2  3 |
---------------+----------+-----
Earth Magic    | 4 |  4.3
Dodging        | 2 |  2.3
Stealth        | 3 |  3.3
Spellcasting   | |  2.6
Transmutations | |  0.7

Action                   |  1- 3 |  4- 6 || total
-------------------------+-------+-------++-------
Melee: Unarmed           |     8 |       ||     8
       Club              |   125 |     9 ||   134
 Cast: Sandblast         |    21 |    17 ||    38
  Use: Scroll            |     6 |     3 ||     9
       Potion            |       |     2 ||     2
 Stab: Sleeping          |     6 |       ||     6
       Distracted        |     1 |       ||     1
  Eat: Chunk             |     3 |     2 ||     5
Armor: Robe              |    61 |    27 ||    88
Dodge: Dodged            |   133 |    35 ||   168

Table legend:
 A = Spawn XP
 B = Non-spawn XP
 C = Spawn XP percentage of total XP
 D = Spawn monster count
 E = Non-spawn monster count
 F = Spawn count percentage of total count
 G = Total turns spent on level
                    A         B        C        D         E        F      G
               +---------+---------+-------+---------+---------+-------+---------
         Total |       0 |     126 |   0.0 |       0 |      40 |   0.0 |  2251
               +---------+---------+-------+---------+---------+-------+---------
           D:1 |       0 |      34 |   0.0 |       0 |      20 |   0.0 |  1471
           D:2 |       0 |      90 |   0.0 |       0 |      18 |   0.0 |   772
           D:3 |       0 |       2 |   0.0 |       0 |       2 |   0.0 |     8
               +---------+---------+-------+---------+---------+-------+---------
